Map: [ESL] Site Delta

Players

Spirit

  • Race: Terran Terran
  • Spawn Location: 11:00

Reynor - Winner!

  • Race: Zerg Zerg
  • Spawn Location: 5:00

Event: ESL Spring 2024 Finals

VOD

Have the link to the VOD?

Description

Time

  • Played on: June 1, 2024, 4:06 p.m.
  • Length: 3:26

All games in this series

Show
View Real Time Build Order
Export as new Build Order

Spirit Terran 

Build Orders:  

Get SALT Encoding   

  12  0:00  SCV  
  13  0:12  SCV  
  14  0:17  Supply Depot  
  14  0:24  SCV  
  15  0:40  Barracks  
  15  0:51  Barracks  
  15  1:06  Barracks  
  15  1:07  SCV  
  16  1:27  Orbital Command, Marine  
  17  1:34  Supply Depot  
  17  1:39  Marine  
  18  1:45  Marine  
  19  1:53  Marine  
  20  1:57  Marine  
  21  2:01  Bunker  
  21  2:03  Marine  
  21  2:07  Bunker  
  22  2:11  Marine  
  23  2:16  SCV  
  23  2:28  Marine x2  
  24  2:52  Orbital Command  
Show
View Real Time Build Order
Export as new Build Order

Reynor Zerg - Winner!

Build Orders: Pool First 

Get SALT Encoding   

  12  0:00  Drone  
  13  0:20  Spawning Pool  
  12  0:24  Drone  
  13  0:29  Drone  
  14  0:37  Overlord  
  14  0:49  Drone, Extractor  
  15  1:07  Zergling x6  
  19  1:18  Zergling x2  
  19  1:20  Hatchery  
  18  1:29  Queen  
  20  1:33  Drone  
  21  1:40  Overlord  
  21  1:50  Drone  
  22  2:02  Zergling x2  
  22  2:03  Spine Crawler  
  22  2:11  Queen  
  22  2:14  Zergling x2  
  25  2:24  Zergling x2  
  25  2:28  Spine Crawler  
  25  2:31  Spine Crawler  
  25  2:32  Zergling x2  
  25  2:34  Zergling x2  
  26  2:43  Zergling x4  
  28  2:46  Zergling x2  
  29  2:55  Drone  
  30  2:58  Overlord  
  30  3:12  Extractor  
Tags
 
Add a new tag
Caveats
  • Supply blocks, unpowered buildings, or Contaminate may cause inaccurate times.
  • Supply counts are checked every 10 seconds.